 Dungeon Crawl Stone Soup version 0.28.0-45-g0d030f2227 (webtiles) character file.

Game seed: 9538109453506544996

44 protoss039 the Digger (level 3, -1/27 HPs)
             Began as a Demonspawn Earth Elementalist on May 30, 2022.
             Slain by a gnoll
             ... wielding a +0 spear
              (3 damage)
             ... on level 2 of the Dungeon.
             The game lasted 00:01:44 (1802 turns).

protoss039 the Digger (DsEE)                        Turns: 1802, Time: 00:01:45

Health: -1/27      AC:  3    Str:  8    XL:     3   Next: 41%
Magic:  6/6        EV:  6    Int: 18    God:
Gold:   55         SH:  0    Dex: 13    Spells: 3/6 levels left

rFire   + . .      SeeInvis .   h - +0 quarterstaff (spect)
rCold   . . .      Faith    .   (shield currently unavailable)
rNeg    . . .      Spirit   .   d - +0 leather armour
rPois   .          Reflect  .   (helmet restricted)
rElec   .          Harm     .   (no cloak)
rCorr   .          Rampage  .   (no gloves)
Will    .....                   (no boots)
Stlth   ++........              (no amulet)
HPRegen 0.09/turn               e - ring of protection from fire
MPRegen 0.20/turn               (no ring)

@: held
A: horns 1, magic regeneration
a: no special abilities


You were on level 2 of the Dungeon.
You visited 1 branch of the dungeon, and saw 2 of its levels.

You collected 55 gold pieces.

Inventory:

Hand Weapons
 h - a +0 spectral quarterstaff (weapon)
Missiles
 c - 20 stones
Armour
 d - a +0 leather armour (worn)
Jewellery
 e - a ring of protection from fire (left hand)
Wands
 g - a wand of charming (7)
Scrolls
 a - 4 scrolls of identify {unknown}
Potions
 f - a potion of degeneration {unknown}


   Skills:
 * Level 1.8 Fighting
 + Level 1.0 Armour
 - Level 1.7 Dodging
 - Level 1.7 Stealth
 + Level 2.3 Spellcasting
 - Level 1.0 Transmutations
 + Level 3.0 Earth Magic


You had 3 spell levels left.
You knew the following spells:

 Your Spells              Type           Power      Damage    Failure   Level
a - Sandblast             Erth           26%        2d8       7%          1
b - Passwall              Tmut/Erth      7%         N/A       16%         2

Your spell library contained the following spells:

 Spells                   Type           Power      Damage    Failure   Level
 Sublimation of Blood     Necr           2%         N/A       36%         2
 Stone Arrow              Conj/Erth      14%        3d7       36%         3
 Petrify                  Tmut/Erth      9%         N/A       71%         4
 Irradiate                Conj/Tmut      1%         3d14      99%         5


Dungeon Overview and Level Annotations

Branches:
Dungeon (2/15)

Altars:


Innate Abilities, Weirdness & Mutations

You have a pair of small horns on your head.
You regenerate magic rapidly.


Message History

The gnoll shouts!
Unknown command.
Unknown command.
You hit the dart slug.
The dart slug is severely wounded.
Your +0 spectral quarterstaff hits the dart slug!
You kill the dart slug!
The adder closely misses you.
Unknown command.
Unknown command.
You sock the adder!
The adder is severely wounded.
Your +0 spectral quarterstaff barely misses the adder.
The gnoll hits you from afar with a +0 spear.
The adder bites you but does no damage.
The gnoll hits your +0 spectral quarterstaff but does no damage.
Unknown command.
Unknown command.
You hit the adder.
You kill the adder!
The gnoll hits you from afar with a +0 spear.
The gnoll closely misses you. The gnoll hits you with a +0 whip!
Your Armour skill increases to level 1!
Unknown command.
Unknown command.
You are too injured to fight recklessly!
Unknown command.
Unknown command.
The gnoll throws a throwing net.
The throwing net hits you.
You become entangled in the net!
You see here a throwing net.
You struggle against the net.
The gnoll hits you from afar with a +0 spear.
* * * LOW HITPOINT WARNING * * *
You struggle against the net.
The gnoll hits you with a +0 club.
* * * LOW HITPOINT WARNING * * *
The gnoll hits you with a +0 whip.
* * * LOW HITPOINT WARNING * * *
The gnoll hits you from afar with a +0 spear.
You die...

###########.. ###
#............ ...
#.###...>...#
###.#####...#.#######
#.........#.......##
.#...........##..#..#####
...$.........##.###......
.#..†g@###.##..#..#####
#.....gg.# #.........###
.....##### ##..........#
.... ###.#.#.......## ...
..###.......... #..
.##.#...#...#### #..##
.........#.## #...#.#
#...#....†##.# #.#.#.#
#... #...>##.#


You could see 3 gnolls.

Vanquished Creatures
  An adder (D:2)
  A worm (D:2)
  2 dart slugs
  4 ball pythons
  2 giant cockroaches (D:1)
  2 goblins
  5 hobgoblins
  2 jackals (D:1)
  2 kobolds
  A bat (D:2)
  3 frilled lizards
  3 rats (D:1)
28 creatures vanquished.

Notes
Turn   | Place    | Note
-------+----------+-------------------------------------------
     0 | D:1      | protoss039 the Demonspawn Earth Elementalist began the
                  | quest for the Orb.
     0 | D:1      | Reached XP level 1. HP: 13/13 MP: 3/3
   154 | D:1      | Reached skill level 1 in Transmutations
   182 | D:1      | Found a faded altar of an unknown god.
   281 | D:1      | Gained mutation: You regenerate magic rapidly. [demonic
                  | ancestry]
   281 | D:1      | Reached XP level 2. HP: 18/20 MP: 5/5
   462 | D:1      | Reached skill level 1 in Fighting
  1507 | D:1      | Learned a level 2 spell: Passwall
  1539 | D:2      | Reached skill level 3 in Earth Magic
  1622 | D:2      | Discovered your monstrous ancestry.
  1622 | D:2      | Gained mutation: You have a pair of small horns on your
                  | head. [demonic ancestry]
  1622 | D:2      | Reached XP level 3. HP: 15/26 MP: 6/6
  1800 | D:2      | Reached skill level 1 in Armour
  1802 | D:2      | Slain by a gnoll

Illustrated notes

Levels and vault maps discovered:
D:1:      dpeg_arrival_chambers_temple_mockup, layout_basic,
          ebering_ecumenical_altar_box, minmay_misc_feat_ornament
D:2:      layout_loops_ring, serial_bayou_pond_e

Skill      XL: |  1  2  3 |
---------------+----------+-----
Transmutations | 1 |  1.0
Fighting       | 1 |  1.8
Earth Magic    | 3 |  3.0
Armour         | 1 |  1.0
Dodging        | |  1.7
Stealth        | |  1.7
Spellcasting   | |  2.3

Action                   || total
-------------------------++-------
Melee: Dagger            ||    37
       Unarmed           ||     4
       Short sword       ||    41
       Quarterstaff      ||    17
       Headbutt          ||     1
 Cast: Sandblast         ||    10
 Stab: Sleeping          ||     3
Armor: Robe              ||     7
       Leather armour    ||    12
Dodge: Dodged            ||    65
